 Dungeon Crawl Stone Soup version 0.20-a0-1122-gb7cbeb9 (webtiles) character file.

91 Naow the Shield-Bearer (level 4, -7/35 HPs)
             Began as a Formicid Fighter on May 13, 2017.
             Killed by nerve-wracking pain
             ... invoked by Jessica
              (8 damage)
             ... on level 3 of the Dungeon on May 14, 2017.
             The game lasted 00:05:01 (2119 turns).

Naow the Shield-Bearer (Formicid Fighter)           Turns: 2119, Time: 00:05:02

Health: -7/35      AC:  6    Str: 22    XL:     4   Next: 87%
Magic:  4/4        EV:  9    Int:  7    God:
Gold:   109        SH:  4    Dex: 10    Spells: 3/3 levels left

rFire    . . .     SeeInvis +   a - +0 war axe
rCold    . . .     Gourm    .   n - +0 buckler (curse)
rNeg     . . .     Faith    .   b - +0 scale mail
rPois    .         Spirit   .   (helmet unavailable)
rElec    .         Reflect  .   (no cloak)
rCorr    .         Harm     .   (no gloves)
MR       .....                  (no boots)
Stlth    ..........             (no amulet)
Regen    0.2/turn               (no ring)
MPRegen  0.1/turn               (no ring)

@: no status effects
A: permanent stasis, dig shafts and tunnels, four strong arms, antennae 3
a: Dig, Shaft Self


You were on level 3 of the Dungeon.
You were not hungry.

You visited 1 branch of the dungeon, and saw 3 of its levels.

You collected 109 gold pieces.

Inventory:

Hand Weapons
 a - a +0 war axe (weapon)
Armour
 b - a +0 scale mail (worn)
 c - a +0 shield
 n - a cursed +0 buckler (worn)
Jewellery
 s - a +2 amulet of reflection {unknown}
 u - an uncursed ring of protection from cold {unknown}
Scrolls
 g - 2 scrolls of remove curse {unknown}
 i - a scroll of recharging {unknown}
 j - 8 scrolls of identify {unknown}
 l - a scroll of teleportation {unknown}
 w - a scroll of magic mapping {unknown}
 x - a scroll of amnesia {unknown}
Potions
 d - 2 potions of might
 e - 2 potions of curing {unknown}
 k - 4 potions of haste {unknown}
 m - 3 potions of heal wounds {unknown}
 p - a potion of invisibility {unknown}
 r - a potion of brilliance {unknown}
 t - 2 potions of mutation {unknown}
Comestibles
 f - 2 bread rations
 h - 7 fruits
 o - a meat ration
 q - 8 chunks of flesh
 v - a royal jelly


   Skills:
 - Level 3.2 Fighting
 * Level 3.9 Axes
 - Level 3.2 Armour
 + Level 4.7 Shields


You had 3 spell levels left.
You didn't know any spells.

Dungeon Overview and Level Annotations

Branches:
Dungeon (3/15)

Altars:

Annotations:
D:3 Jessica


Innate Abilities, Weirdness & Mutations

You cannot be hasted, slowed, berserked, paralysed or teleported.
You can dig through walls and to a lower floor.
Your four strong arms can wield two-handed weapons with a shield.
You have a pair of large antennae on your head. (SInv)


Message History

Pain shoots through your body! The bat hits you but does no damage.
Jessica points at you and mumbles some strange words.
Pain shoots through your body!
* * * LOW HITPOINT WARNING * * *
You barely miss Jessica.
Jessica is almost dead.
You hit the orc. The bat hits you but does no damage.
You block Jessica's attack. Jessica hits you.
* * * LOW HITPOINT WARNING * * *
The orc hits you with a flail.
* * * LOW HITPOINT WARNING * * *
You hit Jessica but do no damage.
Jessica is almost dead.
You barely miss the orc. The bat hits you but does no damage.
Jessica says, "Why did you come here?" Jessica hits you but does no damage.
The orc barely misses you. Jessica gestures at you while chanting.
Pain shoots through your body!
You die...

## ....... ##### #.....
....# #...o# ###.#
#.#..# #.# # ##..o.# #.#
##.# #.....#
###.####..###.#.o.####
#....)..........@@...#
......##.###.##.........
###.#....###)#....b.....
#.#..###...#..........
#.#........#=.........
##.#.###(...#..........
#....###....#..........
#..###.................
##......##...###.o...


You could see Jessica, 3 orcs and a bat.

Vanquished Creatures
  Robin (D:1)
  An adder (D:2)
  An ooze (D:1)
  2 worms
  5 orcs (D:3)
  3 giant cockroaches
  6 hobgoblins
  A jackal (D:1)
  8 kobolds
  A quokka (D:3)
  4 bats
  6 frilled lizards
  11 goblins
  5 rats
55 creatures vanquished.

Notes
Turn   | Place    | Note
-------+----------+-------------------------------------------
     0 | D:1      | Naow the Formicid Fighter began the quest for the Orb.
     0 | D:1      | Reached XP level 1. HP: 18/18 MP: 1/1
   283 | D:1      | Reached skill level 4 in Shields
   283 | D:1      | Reached XP level 2. HP: 24/24 MP: 2/2
   982 | D:2      | Noticed Robin
   989 | D:1      | Reached XP level 3. HP: 19/29 MP: 3/3
  1132 | D:1      | Killed Robin
  1426 | D:2      | Reached XP level 4. HP: 32/35 MP: 4/4
  2089 | D:3      | Noticed Jessica
  2118 | D:3      | HP: 1/35 [orc/flail (5)]
  2119 | D:3      | Killed from afar by Jessica

Vault maps used:
D:1:      minmay_arrival_diagonal_passages, st_stairs_7
D:2:      first_bread, uniq_robin
D:3:      uniq_jessica

Skill      XL: |  1  2  3 |
---------------+----------+-----
Shields        | 4 |  4.7
Axes           | 3 |  3.9
Fighting       | |  3.2
Armour         | |  3.2

Action                   |  1- 3 |  4- 6 || total
-------------------------+-------+-------++-------
Melee: War axe           |    89 |    71 ||   160
  Eat: Chunk             |     2 |     2 ||     4
Armor: Scale mail        |    56 |    34 ||    90
Dodge: Dodged            |    69 |    33 ||   102
Block: Shield            |    19 |       ||    19
       Buckler           |    22 |    16 ||    38
